 Dungeon Crawl Stone Soup version 0.30-a0-373-gd37427bb62 (webtiles) character file.

Game seed: 18176209888698952276

26 Shayle the Conjurer (level 2, 22/22 HPs)
             Began as a Demonspawn Reaver on Nov 24, 2022.
             Quit the game on level 1 of the Dungeon.
             The game lasted 00:03:16 (992 turns).

Shayle the Conjurer (Demonspawn Reaver)              Turns: 992, Time: 00:03:17

Health: 22/22      AC:  3    Str: 12    XL:     2   Next: 89%
Magic:  5/5        EV: 11    Int: 14    God:
Gold:   41         SH:  0    Dex: 11    Spells: 4/5 levels left

rFire   . . .      SeeInvis .    a - +0 hand axe
rCold   . . .      Faith    .    (no shield)
rNeg    . . .      Spirit   .    b - +0 leather armour
rPois   .          Reflect  .    (helmet restricted)
rElec   .          Harm     .    (no cloak)
rCorr   .          Rampage  .    (no gloves)
Will    .....                    (no boots)
Stlth   +.........               (no amulet)
HPRegen 0.23/turn                (no ring)
MPRegen 0.09/turn                (no ring)

@: no status effects
A: horns 1
a: no special abilities


You were on level 1 of the Dungeon.
You visited 1 branch of the dungeon, and saw 1 of its levels.

You collected 41 gold pieces.

Inventory:

Hand Weapons
 a - a +0 hand axe (weapon)
Armour
 b - a +0 leather armour (worn)
Scrolls
 f - a scroll of identify {unknown}
 g - a scroll of enchant armour {unknown}
Potions
 c - a potion of magic {unknown}
 d - a potion of invisibility {unknown}
 e - a potion of heal wounds {unknown}


   Skills:
 + Level 2.3 Fighting
 + Level 2.9 Axes
 + Level 2.1 Dodging
 + Level 2.2 Spellcasting
 + Level 3.2 Conjurations


You had 4 spell levels left.
You knew the following spells:

 Your Spells              Type           Power      Damage    Failure   Level
a - Kiss of Death         Conj/Necr      24%        2d7       16%         1

Your spell library contained the following spells:

 Spells                   Type           Power      Damage    Failure   Level
 Momentum Strike          Conj/Tloc      12%        3d8       22%         2
 Hailstorm                Conj/Ice       6%         3d4       41%         3


Dungeon Overview and Level Annotations

Branches:
Dungeon (1/15)

Altars:

Shops:
D:1 [


Innate Abilities, Weirdness & Mutations

You have a pair of small horns on your head.


Message History

The bat hits you but does no damage.
You closely miss the bat. The bat closely misses you.
The bat hits you but does no damage. The bat hits you but does no damage.
You hit the bat.
You kill the bat!
You see here a bat corpse.
You see here a bat corpse.
A bat comes into view.
A bat is nearby!
The bat hits you but does no damage.
You hit the bat.
You kill the bat!
You see here a bat corpse.
You open the door.
There is an open door here.
There is a shaft here.
A hobgoblin comes into view.
The hobgoblin shouts!
The hobgoblin hits you.
You hit the hobgoblin.
The hobgoblin is moderately wounded.
The hobgoblin hits you.
You hit the hobgoblin.
You kill the hobgoblin!
There is a shaft here.
A kobold comes into view. It is wielding a +0 dagger.
The kobold shouts!
You enter the shallow water.
Moving in this stuff is going to be slow.
The kobold hits you with a +0 dagger.
You hit the kobold.
You kill the kobold!
Things that are here:
a +0 dagger; 4 stones You enter the shallow water.
Moving in this stuff is going to be slow.
Found Citis's Armour Boutique.
There is an entrance to Citis's Armour Boutique here.
Are you sure you want to abandon this character and quit the game? (Confirm with "yes".)

####.#.######
#...~.....~~..####
##.~....~.... ~..#
≈≈≈≈~)~~~~~~≈ ~≈≈≈
≈≈≈≈≈~~~~~~≈~ ≈≈≈
##....~..~.~~ ..#
#.#...~.....~ #.#
#.##...~...~~ #.#
#.########### #@#
#.# #.# #.# #.#
#.# #.# #.# #.#
#.# #.#
#.##############.#
#................#
################.#


There were no monsters in sight!

Vanquished Creatures
  A dart slug (D:1)
  4 bats (D:1)
  2 endoplasms (D:1)
  3 giant cockroaches (D:1)
  A goblin (D:1)
  2 hobgoblins (D:1)
  2 quokkas (D:1)
  3 ball pythons (D:1)
  3 kobolds (D:1)
  A rat (D:1)
22 creatures vanquished.

Notes
Turn   | Place    | Note
-------+----------+-------------------------------------------
     0 | D:1      | Shayle the Demonspawn Reaver began the quest for the Orb.
     0 | D:1      | Reached XP level 1. HP: 16/16 MP: 3/3
   138 | D:1      | Found a faded altar of an unknown god.
   216 | D:1      | Gained mutation: You have a pair of small horns on your
                  | head. [demonic ancestry]
   216 | D:1      | Reached XP level 2. HP: 7/22 MP: 5/5
   983 | D:1      | Found Citis's Armour Boutique.
   992 | D:1      | Quit the game

Illustrated notes

Levels and vault maps discovered:
D:1:      lemuel_arrival_hallway, layout_basic,
          hellmonk_ecumenical_altar_zigzags, serial_shops, shop, serial_rivers,
          chequers_serial_rivers_room_a, chequers_serial_rivers_room_b,
          chequers_serial_rivers_small_3, chequers_serial_rivers_micro_e,
          chequers_serial_rivers_micro_c, chequers_serial_rivers_room_a

Skill      XL: |  1  2 |
---------------+-------+-----
Dodging        | 2 |  2.1
Fighting       | |  2.3
Axes           | |  2.9
Spellcasting   | |  2.2
Conjurations   | |  3.2

Action                   || total
-------------------------++-------
Melee: Hand axe          ||    53
       Punch             ||     4
       Headbutt          ||     4
  Use: Scroll            ||     1
Armor: Leather armour    ||    18
Dodge: Dodged            ||    30

Table legend: (Time is in decaauts)
 A = Elapsed time spent in this place.
 B = Non-inter-level travel time spent in this place.
 C = Inter-level travel time spent in this place.
 D = Time resting spent in this place.
 E = Time spent auto-exploring this place.
 F = Levels seen in this place.
 G = Mean time per level.
                   A        B        C        D        E       F      G
               +--------+--------+--------+--------+--------+-----+--------+
         Total |   1004 |   1004 |      0 |     65 |    745 |   1 | 1004.0 |
       Dungeon |   1004 |   1004 |      0 |     65 |    745 |   1 | 1004.0 |
               +--------+--------+--------+--------+--------+-----+--------+

Top non-repeatable levels by time:
     D:1: 1004 daAuts
